 Dungeon Crawl Stone Soup version 0.30-a0-557-ge2afbf3030 (webtiles) character file.

Game seed: 1423038615548846272

13146 tsouns the Grappler (level 11, 0/94 HPs)
             Began as a Black Draconian Monk on Dec 27, 2022.
             Was a High Priest of Makhleb.
             Slain by a black mamba (13 damage)
             ... on level 1 of the Lair of Beasts.
             The game lasted 00:26:44 (8732 turns).

tsouns the Grappler (Black Draconian Monk)          Turns: 8732, Time: 00:26:45

Health: 0/94       AC: 11    Str: 14    XL:     11   Next: 71%
Magic:  18/18      EV: 17    Int: 15    God:    Makhleb [*****.]
Gold:   624        SH: 12    Dex: 19    Spells: 4/10 levels left

rFire   . . .      SeeInvis .      - Unarmed
rCold   + + .      Faith    .    n - +0 kite shield
rNeg    . . .      Spirit   .    (body armour unavailable)
rPois   .          Reflect  .    p - +1 hat
rElec   +          Harm     .    t - +1 cloak
rCorr   .          Rampage  .    x - +0 pair of gloves
Will    .....                    (no boots)
Stlth   ++                       h - amulet of regeneration
HPRegen 1.15/turn                s - +4 ring of evasion
MPRegen 0.16/turn                u - +6 ring of dexterity

@: lethally poisoned (0 -> -9), hasted (expiring), very quick
A: breathe lightning, AC +7, unfitting armour, electricity resistance,
cold-blooded, horns 1, cold resistance 2
a: Breathe Lightning, Renounce Religion, Minor Destruction, Lesser Servant of
Makhleb, Major Destruction, Greater Servant of Makhleb


You were on level 1 of the Lair of Beasts.
You worshipped Makhleb.
Makhleb was extremely pleased with you.
You visited 3 branches of the dungeon, and saw 11 of its levels.
You also visited: Ossuary.

You collected 624 gold pieces.

Inventory:

Missiles
 b - 9 poisoned darts (quivered)
 A - a throwing net
 N - a curare-tipped dart
Armour
 n - a +0 kite shield (worn)
 p - a +1 hat (worn)
 t - a +1 cloak (worn)
 x - a +0 pair of gloves (worn)
Jewellery
 e - a ring of wizardry
 h - an amulet of regeneration (around neck)
 s - a +4 ring of evasion (left hand)
 u - a +6 ring of dexterity (right hand)
 v - an amulet of faith
 z - an amulet of reflection
 H - a ring of flight
Wands
 d - a wand of acid (1)
 j - a wand of flame (11)
 y - a wand of roots (2)
 B - a wand of digging (6)
 C - a wand of mindburst (2)
 D - a wand of paralysis (8)
Scrolls
 i - 3 scrolls of amnesia
 l - 2 scrolls of fog
 m - 3 scrolls of silence
 w - 3 scrolls of teleportation
 F - 3 scrolls of vulnerability
 G - a scroll of blinking
 I - a scroll of immolation
 J - a scroll of magic mapping
 K - a scroll of summoning
 P - 2 scrolls of identify
Potions
 a - 5 potions of ambrosia
 c - 2 potions of resistance
 f - 2 potions of flight
 g - a potion of attraction
 k - 5 potions of might
 o - 4 potions of brilliance
 q - 6 potions of curing
 r - 4 potions of heal wounds
 E - 2 potions of haste
 L - a potion of lignification
 O - 2 potions of mutation
Miscellaneous
 M - a lightning rod (1/4)


   Skills:
 + Level 7.9 Fighting
 - Level 4.7 Dodging
 - Level 1.7 Stealth
 + Level 10.0 Shields
 + Level 11.4 Unarmed Combat
 + Level 9.9 Invocations


You had 4 spell levels left.
You knew the following spells:

 Your Spells              Type           Power      Damage    Failure   Level
a - Ignite Poison         Fire/Tmut/Pois 0%         N/A       87%         3
b - Teleport Other        Tloc           0%         N/A       87%         3

Your spell library contained the following spells:

 Spells                   Type           Power      Damage    Failure   Level
 Frozen Ramparts          Ice            0%         1d1       87%         3
 Gell's Gravitas          Tloc           0%         N/A       87%         3
 Ice Form                 Ice/Tmut       0%         N/A       99%         4
 Sticky Flame             Conj/Fire      0%         2d3       99%         4
 Summon Ice Beast         Ice/Summ       0%         N/A       99%         4
 Summon Forest            Summ/Tloc      0%         N/A       100%        5
 Summon Mana Viper        Hex/Summ       0%         N/A       100%        5
 Dispersal                Tloc           0%         N/A       100%        6
 Summon Cactus Giant      Summ           0%         N/A       100%        6
 Ignition                 Fire           0%         3d3       100%        8


Dungeon Overview and Level Annotations

Branches:
Dungeon (9/15)             Temple (1/1) D:5            Lair (1/5) D:9
    Orc (0/2) D:9         Ossuary (visited)

Altars:
Ashenzari
Dithmenos
Elyvilon
Fedhas
Gozag
Hepliaklqana
Makhleb
Nemelex Xobeh
Okawaru
Qazlal
Ru
Sif Muna
Trog
Uskayaw
Vehumet
Wu Jian
Xom
Yredelemnul
Zin
The Shining One

Shops:
D:6 *


Innate Abilities, Weirdness & Mutations

You can breathe wild blasts of lightning.
Your glossy black scales are hard. (AC +7)
You cannot fit into any form of body armour.
You are resistant to electric shocks. (rElec)
You are cold-blooded and may be slowed by cold attacks.
You have a pair of small horns on your head.
Your flesh is very cold resistant. (rC++)


Message History

The death yak is almost dead.
The black mamba closely misses you. The death yak completely misses you.
The death yak gores you!
* * * LOW HITPOINT WARNING * * *
Unknown command.
You block the black mamba's attack.
The black mamba attacks as you move away!
The black mamba bites you!
* * * LOW HITPOINT WARNING * * *
Throw: 12 darts (poison)
Press: ? - help, Q - select action, (/) - cycle Shift-Dir - straight line, f/p - black mamba
Aim: a black mamba (severely wounded, covered in acid, 48% to hit)
You throw a poisoned dart. The poisoned dart hits the death yak.
The death yak is severely wounded.
Throw: 11 darts (poison)
Press: ? - help, Q - select action, (/) - cycle Shift-Dir - straight line, f - death yak, p - black mamba
Aim: a death yak (almost dead, 81% to hit)
You throw a poisoned dart.
The poisoned dart barely misses the death yak.
The poisoned dart hits the death yak.
The death yak is almost dead.
Throw: 10 darts (poison)
Press: ? - help, Q - select action, (/) - cycle Shift-Dir - straight line, f/p - death yak
Aim: a death yak (almost dead, 81% to hit)
You throw a poisoned dart. The poisoned dart hits the black mamba.
The black mamba is severely wounded.
The black mamba attacks as you move away!
The black mamba closely misses you.
Your extra speed is starting to run out.
You hit the black mamba but do no damage.
The black mamba is severely wounded.
The black mamba bites you!
* * * LOW HITPOINT WARNING * * *
You are poisoned.
The black mamba poisons you!
You punch the black mamba! You tail-slap the black mamba.
The black mamba is almost dead.
You feel very sick. The black mamba bites you!
You die...

#....# #.... ##....# #....#
#P....# #....# ####....# ####
###
#....#######.#P....####.P###.#
#.............................
#.............................
#......)..Y...................
#.......Y...S@................
#....####.#######.####....####
#....# ### ### #....# #..YS#
#....# #....# ### #....####
#....########.########......##
#.....(...)..(†(..............
#......(......................
#..............................


You could see 2 death yaks and a black mamba (corroded).

Vanquished Creatures
  A catoblepas (Lair:1)
  3 death yaks (Lair:1)
  A black mamba (Lair:1)
  A komodo dragon (Lair:1)
  Psyche (D:8)
  A hornet (D:7)
  4 blink frogs (Lair:1)
  3 wyverns
  A shadow (D:8)
  6 yaks (D:9)
  A basilisk (D:9)
  Grum (D:8)
  A steam dragon (D:8)
  A warg (D:9)
  9 water moccasins
  3 orc warriors
  3 ice beasts
  2 ogres
  A sky beast (D:8)
  4 black bears
  4 wolves (D:8)
  A centaur (D:6)
  A kobold brigand (D:9)
  2 phantoms
  3 bullfrogs
  A gnoll sergeant (D:5)
  A necrophage (D:7)
  11 scorpions
  10 wights
  3 killer bees (D:7)
  2 vampire bats (D:4)
  An electric eel (Lair:1)
  3 howler monkeys
  4 human zombies
  A centaur zombie (Ossuary)
  8 orc priests
  6 hounds
  A jelly (D:5)
  3 gnoll boudas
  Crazy Yiuf (D:5)
  Natasha (twice) (D:3)
  2 iguanas
  8 scorpion zombies (Ossuary)
  7 orc wizards
  3 mummies (Ossuary)
  21 gnolls
  15 adders
  3 shadow imps (D:7)
  2 white imps
  2 worms
  6 dart slugs
  19 orcs
  5 ball pythons
  12 endoplasms
  A giant cockroach (D:4)
  7 goblins
  7 hobgoblins
  A jackal (D:1)
  5 quokkas
  10 bats
  2 frilled lizards
  4 gnoll zombies (Ossuary)
  2 goblin zombies (Ossuary)
  A hobgoblin zombie (Ossuary)
  13 kobolds
  3 kobold zombies (Ossuary)
  3 orc zombies (Ossuary)
  4 rats
285 creatures vanquished.

Vanquished Creatures (collateral kills)
  A blink frog (Lair:1)
  A steam dragon (D:9)
  A warg (D:9)
  An orc warrior (D:8)
  6 wights (D:9)
  A howler monkey (D:9)
  2 orc wizards
  2 orcs
15 creatures vanquished.

Vanquished Creatures (others)
  4 fungi
  33 plants
37 creatures vanquished.

Grand Total: 337 creatures vanquished

Notes
Turn   | Place    | Note
-------+----------+-------------------------------------------
     0 | D:1      | tsouns the Draconian Monk began the quest for the Orb.
     0 | D:1      | Reached XP level 1. HP: 19/19 MP: 1/1
    76 | D:1      | Reached XP level 2. HP: 26/26 MP: 2/2
   710 | D:1      | Reached XP level 3. HP: 31/31 MP: 3/3
  1222 | D:2      | Reached skill level 4 in Unarmed Combat
  1227 | D:2      | Reached XP level 4. HP: 40/40 MP: 4/4
  1626 | D:3      | Reached skill level 1 in Shields
  1826 | D:3      | Reached XP level 5. HP: 46/46 MP: 5/5
  1837 | D:3      | Found a faded altar of an unknown god.
  1890 | D:3      | Noticed Natasha
  1906 | D:3      | Killed Natasha
  2146 | D:3      | Noticed Natasha
  2168 | D:3      | Killed Natasha
  2314 | D:4      | Reached skill level 5 in Unarmed Combat
  2314 | D:4      | Reached XP level 6. HP: 53/53 MP: 6/6
  2566 | D:4      | Noticed a wyvern
  2602 | D:4      | Killed a wyvern
  2603 | D:4      | Your scales start taking on a glossy black colour.
  2603 | D:4      | Reached XP level 7. HP: 37/60 MP: 7/7
  2603 | D:4      | Gained mutation: You are resistant to electric shocks.
                  | (rElec) [Black Draconian growth]
  2613 | D:4      | Reached skill level 5 in Fighting
  2613 | D:4      | Reached skill level 6 in Unarmed Combat
  2887 | D:4      | Learned a level 3 spell: Ignite Poison
  2891 | D:4      | Learned a level 3 spell: Teleport Other
  2908 | D:4      | Found a sparkling altar of Nemelex Xobeh.
  2912 | D:4      | Found an opulent altar of Gozag.
  3071 | D:5      | Entered Level 5 of the Dungeon
  3246 | D:5      | Found a staircase to the Ecumenical Temple.
  3284 | D:5      | Reached XP level 8. HP: 44/69 MP: 8/8
  3346 | Temple   | Entered the Ecumenical Temple
  3413 | Temple   | Became a worshipper of Makhleb the Destroyer
  3413 | Temple   | Reached * piety under Makhleb
  3413 | Temple   | Reached ** piety under Makhleb
  3510 | D:5      | Reached skill level 7 in Unarmed Combat
  3512 | D:5      | Reached skill level 1 in Invocations
  3828 | D:5      | Found a runed translucent door.
  3829 | D:5      | Noticed Crazy Yiuf
  4140 | D:5      | Killed Crazy Yiuf
  4354 | D:6      | Found Woenanate's General Store.
  4418 | D:6      | Reached skill level 5 in Shields
  4510 | D:6      | Reached XP level 9. HP: 75/75 MP: 10/12
  4554 | D:6      | Reached skill level 8 in Unarmed Combat
  4756 | D:6      | Found a white marble altar of Elyvilon.
  4995 | D:7      | Found a hazy altar of Hepliaklqana.
  5091 | D:7      | Paralysed by a hornet for 1 turns
  5095 | D:7      | Paralysed by a hornet for 3 turns
  5224 | D:7      | Reached skill level 5 in Invocations
  5229 | D:7      | Reached *** piety under Makhleb
  5273 | D:7      | Paralysed by a hornet for 1 turns
  5664 | D:7      | Reached skill level 9 in Unarmed Combat
  5977 | D:8      | Found a sand-covered staircase.
  5986 | Ossuary  | Entered an ossuary
  6112 | Ossuary  | Reached **** piety under Makhleb
  6113 | Ossuary  | Reached XP level 10. HP: 83/83 MP: 13/15
  6624 | D:8      | Noticed Psyche
  6644 | D:8      | Killed Psyche
  6767 | D:8      | Noticed Grum
  6784 | D:8      | Killed Grum
  6787 | D:8      | Gained mutation: Your flesh is cold resistant. (rC+)
                  | [potion of mutation]
  6787 | D:8      | Gained mutation: Your flesh is very cold resistant. (rC++)
                  | [potion of mutation]
  6787 | D:8      | Gained mutation: You have a pair of small horns on your
                  | head. [potion of mutation]
  6951 | D:8      | Reached skill level 10 in Unarmed Combat
  7300 | D:9      | Found a staircase to the Lair.
  7350 | D:9      | Reached XP level 11. HP: 89/89 MP: 17/17
  7484 | D:9      | Found a staircase to the Orcish Mines.
  7503 | D:9      | Reached ***** piety under Makhleb
  8030 | Lair:1   | Entered Level 1 of the Lair of Beasts
  8273 | Lair:1   | Noticed a catoblepas
  8284 | Lair:1   | Reached skill level 11 in Unarmed Combat
  8299 | Lair:1   | Killed a catoblepas
  8634 | Lair:1   | Noticed a death yak
  8636 | Lair:1   | Noticed a death yak
  8636 | Lair:1   | Noticed a death yak
  8636 | Lair:1   | Noticed a death yak
  8637 | Lair:1   | Noticed a death yak
  8645 | Lair:1   | Killed a death yak
  8665 | Lair:1   | Killed a death yak
  8695 | Lair:1   | Killed a death yak
  8696 | Lair:1   | Reached skill level 10 in Shields
  8732 | Lair:1   | Slain by a black mamba

Illustrated notes

Levels and vault maps discovered:
D:1:      dpeg_arrival_brainrot, layout_basic
D:2:      layout_rooms
D:3:      layout_loops_ring, shapermc_ecumenical_altar_totnotflames,
          uniq_natasha
D:4:      cheibrodos_barr_body, layout_basic, nicolae_overflow_hidden_temple,
          roderic_batcave, dk_noncrumbling_3, nrook_mini_backslash
D:5:      minmay_opposing_rooms, layout_basic, minmay_temple_entry_metal_lava,
          kennysheep_another_room, nicolae_grassy_gnolls,
          uniq_crazy_yiuf_cottage
D:6:      nicolae_cairo_tiling, layout_basic, kennysheep_little_box,
          serial_shops, shop
D:7:      layout_basic, mainiacjoe_overflow_boulevard
D:8:      layout_basic, enter_ossuary_3, serial_curves, eino_curves_02,
          eino_curves_02, uniq_psyche, uniq_grum
D:9:      layout_small_grid, minmay_lair_entry_grove, david_orc_3
Temple:   nicolae_temple_x_marks_the_god
Lair:1:   layout_long_grid, serial_bayou_shore_a

Skill      XL: |  1  2  3  4  5  6  7  8  9 10 11 |
---------------+----------------------------------+-----
Dodging        | 3 4 |  4.7
Unarmed Combat | 4 5 6 7 9 10 11 | 11.4
Shields        | 1 2 3 5 7 9 10 | 10.0
Fighting       | 4 5 6 7 |  7.9
Invocations    | 4 6 8 9 |  9.9
Stealth        | |  1.7

Action                   |  1- 3 |  4- 6 |  7- 9 | 10-12 || total
-------------------------+-------+-------+-------+-------++-------
Melee: Unarmed           |   105 |   234 |   552 |   443 ||  1334
       Tailslap          |    13 |    29 |    99 |    82 ||   223
       Punch             |     2 |       |       |       ||     2
       Headbutt          |       |       |       |    61 ||    61
Throw: Dart              |       |       |       |     8 ||     8
Invok: Minor Destruction |       |       |     2 |       ||     2
       Lesser Servant of |       |       |       |     3 ||     3
 Abil: Breathe Lightning |       |       |     7 |     5 ||    12
Evoke: Wand              |       |       |     6 |    15 ||    21
       Lightning rod     |       |       |       |     4 ||     4
  Use: Scroll            |       |     9 |    12 |     4 ||    25
       Potion            |       |     4 |     4 |     4 ||    12
 Stab: Sleeping          |     8 |     1 |     6 |     1 ||    16
       Distracted        |       |     2 |     2 |     4 ||     8
Armor: Skin              |    34 |    43 |   128 |    87 ||   292
Dodge: Dodged            |    43 |   129 |   289 |   228 ||   689
Block: Kite shield       |     5 |   108 |   314 |   231 ||   658

Table legend: (Time is in decaauts)
 A = Elapsed time spent in this place.
 B = Non-inter-level travel time spent in this place.
 C = Inter-level travel time spent in this place.
 D = Time resting spent in this place.
 E = Time spent auto-exploring this place.
 F = Levels seen in this place.
 G = Mean time per level.
                   A        B        C        D        E       F      G
               +--------+--------+--------+--------+--------+-----+--------+
         Total |   8718 |   8424 |    294 |      0 |   5691 |  12 |  726.5 |
       Dungeon |   7582 |   7308 |    274 |      0 |   5117 |   9 |  842.4 |
        Temple |     75 |     55 |     20 |      0 |     49 |   1 |   75.0 |
          Lair |    657 |    657 |      0 |      0 |    407 |   1 |  657.0 |
       Ossuary |    402 |    402 |      0 |      0 |    118 |   1 |  402.0 |
               +--------+--------+--------+--------+--------+-----+--------+

Top non-repeatable levels by time:
     D:5: 1104 daAuts
     D:9: 994 daAuts
     D:1: 888 daAuts
     D:7: 888 daAuts
     D:3: 868 daAuts
     D:4: 834 daAuts
     D:8: 797 daAuts
     D:6: 716 daAuts
  Lair:1: 657 daAuts
     D:2: 490 daAuts
 Ossuary: 402 daAuts
  Temple: 75 daAuts
